AoeStats
← christar123 ten

Arabia

509648569Analyzed
1v1 RM · 5d ago on Sep 27, 2026· 38m 6s· 2 players
Game mode
Random Map
Map size
Tiny (2 player)
Population
200
Speed
Normal
Resources
Standard
Victory
Conquest
Starting age
Dark Age
Ending age
Imperial Age
RankedLock teamsTeams togetherTeam positionsShared explorationLock speedFull tech treeHidden civsTurbo modeCheats
Victory
Defeat
🇬🇧 Dravidians · United Kingdom
2066
+13
🇬🇧 Aztecs · United Kingdom
1990
-13
Flipper the Priest
6:23 Loom
11:23 Feudal Age
11:27 Man-at-Arms
13:21 Double-Bit Axe
15:09 Fletching
24:18 Castle Age
22:55 Scale Mail Armor
24:21 Eagle Warrior
25:43 Squires
28:00 Sanctity
28:37 Chain Mail Armor
29:20 Bow Saw
29:21 Horse Collar
32:48 Fervor
33:24 Town Watch
34:37 Redemption
35:38 Wheelbarrow
christar123 ten
6:29 Loom
8:47 Feudal Age
9:33 Double-Bit Axe
13:35 Fletching
20:24 Castle Age
19:17 Padded Archer Armor
19:29 Gold Mining
19:22 Horse Collar
20:29 Elite Skirmisher
21:05 Bodkin Arrow
22:06 Bow Saw
22:10 Crossbowman
24:42 Ballistics
25:55 Heavy Plow
26:32 Wheelbarrow
30:02 Leather Archer Armor
32:00 Gold Mining
33:14 Thumb Ring
34:20 Town Watch
34:52 Hand Cart
39:21 Imperial Age
37:06 Guard Tower
Connection lost

Rejoining the realm…

Still unreachable

The connection could not be restored.

Session expired

The server has moved on; the page needs a fresh start.